NCAA
RICE OWLS @ OREGON DUCKS
02/23/2060
 
TOP OF THE 1ST
Rice Owls batting - Pitching for Oregon Ducks : RHP Preston Slawski
Pitching: RHP Preston Slawski
Batting: RHB Tanner Curley 0-0: Foul Ball, location: 2F
0-1: Called Strike
0-2: Ball
1-2: Foul Ball, location: 2F
1-2: Ball
2-2: Strikes out swinging
Batting: LHB Keierre Volter 0-0: Foul Ball, location: 2F
0-1: Ball
1-1: Ball
2-1: Ball
3-1: Fly out, F9 (Line Drive, 9LM, EV 106.9 MPH)
Batting: LHB Isaac Rampone 0-0: Swinging Strike
0-1: Ball
1-1: SINGLE (Groundball, 34D, EV 106.2 MPH)
Batting: LHB Phil Sauser 0-0: Swinging Strike
0-1: Ball
1-1: Called Strike
1-2: Ball
2-2: Hit by Pitch
Isaac Rampone to second
Batting: RHB Caden Kent 0-0: Ball
1-0: SINGLE (Line Drive, 6MD, EV 95.0 MPH)
Isaac Rampone to third
Phil Sauser to second
Runner from 3rd tries for Home, SAFE, throw by CF to home
Batting: SHB Dave Powell 0-0: Ball
1-0: Foul Ball, location: 2F
1-1: Foul Ball, location: 2F
1-2: SINGLE (Groundball, 4MD, EV 103.8 MPH)
Phil Sauser to third
Caden Kent to second
Runner from 3rd tries for Home, SAFE, throw by CF to home
Batting: RHB Isaiah Cody 0-0: Called Strike
0-1: Ground out 5-3 (Groundball, 56S, EV 86.2 MPH)
Top of the 1st over - 2 runs, 3 hits, 0 errors, 2 left on base; Rice 2 - Oregon 0
BOTTOM OF THE 1ST
Oregon Ducks batting - Pitching for Rice Owls : LHP Gavin Coppinger
Pitching: LHP Gavin Coppinger
Batting: RHB Kevin Williamson 0-0: Ball
1-0: Ball
2-0: Ball
3-0: Called Strike
3-1: Ground out 4-3 (Groundball, 34, EV 109.4 MPH)
Batting: RHB Kearney Gallegos 0-0: Ball
1-0: Called Strike
1-1: Swinging Strike
1-2: Ball
2-2: Strikes out swinging
Batting: RHB Blake Bateman 0-0: Called Strike
0-1: Ball
1-1: Foul Ball, location: 2F
1-2: Strikes out swinging
Bottom of the 1st over - 0 runs, 0 hits, 0 errors, 0 left on base; Rice 2 - Oregon 0
TOP OF THE 2ND
Rice Owls batting - Pitching for Oregon Ducks : RHP Preston Slawski
Batting: RHB Lance Hinson 0-0: Ball
1-0: Ball
2-0: Ball
3-0: Called Strike
3-1: Foul Ball, location: 2F
3-2: Base on Balls
Batting: RHB Jesse Mitchell 0-0: Ball
1-0: Ground out 5-3 (Groundball, 56S, EV 62.5 MPH)
Lance Hinson to second
Batting: RHB Tanner Curley 0-0: Ball
1-0: Ball
2-0: Ground out 5-3 (Groundball, 56S, EV 86.9 MPH)
Batting: LHB Keierre Volter 0-0: Ball
1-0: Called Strike
1-1: Foul Ball, location: 2F
1-2: Ball
2-2: Ball
3-2: Foul Ball, location: 2F
3-2: Foul Ball, location: 2F
3-2: Foul Ball, location: 2F
3-2: Fly out, F9 (Flyball, 9D, EV 106.9 MPH)
Top of the 2nd over - 0 runs, 0 hits, 0 errors, 1 left on base; Rice 2 - Oregon 0
BOTTOM OF THE 2ND
Oregon Ducks batting - Pitching for Rice Owls : LHP Gavin Coppinger
Batting: RHB Mitch Kilpatrick 0-0: Ball
1-0: Called Strike
1-1: Ball
2-1: Ball
3-1: Called Strike
3-2: Strikes out swinging
Batting: RHB Leon Banks 0-0: Ball
1-0: Ball
2-0: Ball
3-0: Called Strike
3-1: Foul Ball, location: 2F
3-2: Base on Balls
Batting: RHB Dave Richardson 0-0: Called Strike
0-1: Swinging Strike
0-2: SINGLE (Groundball, 56D, EV 107.5 MPH)
Leon Banks to second
Batting: SHB P.J. Morlock 0-0: Ball
1-0: Ground out 5-3 (Groundball, 5L, EV 103.1 MPH)
Leon Banks to third
Dave Richardson to second
Batting: RHB Devin Boyet 0-0: Foul Ball, location: 2F
0-1: Foul Ball, location: 2F
0-2: Ball
1-2: Ball
2-2: Ball
3-2: Fly out, F8 (Flyball, 8RM, EV 89.4 MPH)
Bottom of the 2nd over - 0 runs, 1 hit, 0 errors, 2 left on base; Rice 2 - Oregon 0
TOP OF THE 3RD
Rice Owls batting - Pitching for Oregon Ducks : RHP Preston Slawski
Batting: LHB Isaac Rampone 0-0: Ball
1-0: Foul Ball, location: 2F
1-1: Called Strike
1-2: SINGLE (Groundball, 5D, EV 106.2 MPH)
Batting: LHB Phil Sauser 0-0: Called Strike
0-1: Ball
1-1: Ball
2-1: Ball
3-1: Base on Balls
Isaac Rampone to second
Batting: RHB Caden Kent 0-0: Foul Ball, location: 2F
0-1: Swinging Strike
0-2: Ball
1-2: Strikes out swinging
Batting: SHB Dave Powell 0-0: Foul Ball, location: 2F
0-1: Foul Ball, location: 2F
0-2: Strikes out swinging
Batting: RHB Isaiah Cody 0-0: Ball
1-0: Foul Ball, location: 2F
1-1: Foul Ball, location: 2F
1-2: Foul Ball, location: 2F
1-2: Foul Ball, location: 2F
1-2: Ball
2-2: Strikes out swinging
Top of the 3rd over - 0 runs, 1 hit, 0 errors, 2 left on base; Rice 2 - Oregon 0
BOTTOM OF THE 3RD
Oregon Ducks batting - Pitching for Rice Owls : LHP Gavin Coppinger
Batting: RHB Timmy Jerabek 0-0: Ball
1-0: Ball
2-0: Foul Ball, location: 2F
2-1: SINGLE (Flyball, 9LS, EV 91.9 MPH)
Batting: RHB Kevin Williamson 0-0: Ball
1-0: Foul Ball, location: 2F
1-1: SINGLE (Line Drive, 4M, EV 102.5 MPH)
Timmy Jerabek to second
Batting: RHB Kearney Gallegos 0-0: Ball
1-0: Called Strike
1-1: Foul Ball, location: 2F
1-2: Ball
2-2: Ball
3-2: Foul Ball, location: 2F
3-2: DOUBLE (Line Drive, 7LM, EV 96.2 MPH)
Timmy Jerabek scores
Kevin Williamson to third
Batting: RHB Blake Bateman 0-0: Fly out, F8 (Line Drive, 8RS, EV 85.6 MPH)
Batting: RHB Mitch Kilpatrick 0-0: Foul Ball, location: 2F
0-1: Swinging Strike
0-2: Strikes out looking
Batting: RHB Leon Banks 0-0: Ball
1-0: Called Strike
1-1: Ball
2-1: Fly out, F4 (Popup, 34, EV 73.8 MPH)
Bottom of the 3rd over - 1 run, 3 hits, 0 errors, 2 left on base; Rice 2 - Oregon 1
TOP OF THE 4TH
Rice Owls batting - Pitching for Oregon Ducks : RHP Preston Slawski
Batting: RHB Lance Hinson 0-0: Ball
1-0: Ground out 5-3 (Groundball, 56D, EV 83.8 MPH)
Batting: RHB Jesse Mitchell 0-0: Ball
1-0: Swinging Strike
1-1: Ball
2-1: Ball
3-1: Base on Balls
Batting: RHB Tanner Curley 0-0: Foul Ball, location: 2F
0-1: Swinging Strike
0-2: Ball
1-2: Strikes out swinging
Batting: LHB Keierre Volter 0-0: Ball
1-0: Ball
2-0: Ball
3-0: Called Strike
3-1: Foul Ball, location: 2F
3-2: 2-RUN HOME RUN (Flyball, 9D, EV 98.1 MPH), Distance : 378 ft
Batting: LHB Isaac Rampone 0-0: Ball
1-0: Ball
2-0: Ball
3-0: Called Strike
3-1: Base on Balls
Pitching: RHP Chandler Way
Batting: LHB Phil Sauser 0-0: Ball
1-0: Ball
2-0: Foul Ball, location: 2F
2-1: Foul Ball, location: 2F
2-2: Foul Ball, location: 2F
2-2: Foul Ball, location: 2F
2-2: Foul Ball, location: 2F
2-2: Fielders Choice at 2nd, 5-4 (Groundball, 56, EV 108.8 MPH)
Top of the 4th over - 2 runs, 1 hit, 0 errors, 1 left on base; Rice 4 - Oregon 1
BOTTOM OF THE 4TH
Oregon Ducks batting - Pitching for Rice Owls : LHP Gavin Coppinger
Batting: RHB Dave Richardson 0-0: Fly out, F8 (Flyball, 8RD, EV 90.0 MPH)
Batting: SHB P.J. Morlock 0-0: Called Strike
0-1: Called Strike
0-2: Ball
1-2: Strikes out swinging
Batting: RHB Devin Boyet 0-0: Ball
1-0: Ball
2-0: Fly out, F8 (Flyball, 8RD, EV 105.6 MPH)
Bottom of the 4th over - 0 runs, 0 hits, 0 errors, 0 left on base; Rice 4 - Oregon 1
TOP OF THE 5TH
Rice Owls batting - Pitching for Oregon Ducks : RHP Chandler Way
Batting: RHB Caden Kent 0-0: Ball
1-0: Called Strike
1-1: Foul Ball, location: 2F
1-2: Ball
2-2: Strikes out swinging
Batting: SHB Dave Powell 0-0: Ball
1-0: Foul Ball, location: 2F
1-1: Fly out, F7 (Flyball, 7, EV 78.1 MPH)
Batting: RHB Isaiah Cody 0-0: Ball
1-0: Ground out 5-3 (Groundball, 56S, EV 71.2 MPH)
Top of the 5th over - 0 runs, 0 hits, 0 errors, 0 left on base; Rice 4 - Oregon 1
BOTTOM OF THE 5TH
Oregon Ducks batting - Pitching for Rice Owls : LHP Gavin Coppinger
Batting: RHB Timmy Jerabek 0-0: Ball
1-0: Called Strike
1-1: SINGLE (Groundball, 6MD, EV 94.4 MPH)
Batting: RHB Kevin Williamson 0-0: Ball
1-0: Foul Ball, location: 2F
1-1: Called Strike
1-2: Fly out, F9 (Line Drive, 9, EV 85.0 MPH)
Batting: RHB Kearney Gallegos 0-0: Ball
1-0: Swinging Strike
1-1: SINGLE (Groundball, 4MD, EV 96.9 MPH)
Timmy Jerabek to second
Batting: RHB Blake Bateman 0-0: Ball
1-0: Fielders Choice at 2nd, 6-4 (Groundball, 6S, EV 85.6 MPH)
Timmy Jerabek to third
Batting: RHB Mitch Kilpatrick 0-0: Foul Ball, location: 2F
0-1: Called Strike
0-2: Ball
1-2: Fly out, F5 (Line Drive, 5L, EV 63.8 MPH)
Bottom of the 5th over - 0 runs, 2 hits, 0 errors, 2 left on base; Rice 4 - Oregon 1
TOP OF THE 6TH
Rice Owls batting - Pitching for Oregon Ducks : RHP Chandler Way
Batting: RHB Lance Hinson 0-0: Ball
1-0: Foul Ball, location: 2F
1-1: Foul Ball, location: 2F
1-2: Ground out 3-1 (Groundball, 34, EV 104.4 MPH)
Batting: RHB Jesse Mitchell 0-0: Called Strike
0-1: Foul Ball, location: 2F
0-2: Foul Ball, location: 2F
0-2: Fly out, F9 (Flyball, 9S, EV 93.1 MPH)
Batting: RHB Tanner Curley 0-0: DOUBLE (Line Drive, 3D, EV 99.4 MPH)
Batting: LHB Keierre Volter 0-0: Ball
1-0: 2-RUN HOME RUN (Flyball, 9D, EV 100.6 MPH), Distance : 397 ft
Batting: LHB Isaac Rampone 0-0: Foul Ball, location: 2F
0-1: Called Strike
0-2: Foul Ball, location: 2F
0-2: Ball
1-2: SOLO HOME RUN (Flyball, 9LD, EV 101.2 MPH), Distance : 385 ft
Pitching: LHP Keyon Shao
Batting: LHB Phil Sauser 0-0: Foul Ball, location: 2F
0-1: DOUBLE (Line Drive, 5D, EV 94.4 MPH)
Batting: RHB Caden Kent 0-0: Foul Ball, location: 2F
0-1: Ball
1-1: Swinging Strike
1-2: Ball
2-2: Ball
3-2: Foul Ball, location: 2F
3-2: Ground out 6-3 (Groundball, 6MS, EV 91.9 MPH)
Top of the 6th over - 3 runs, 4 hits, 0 errors, 1 left on base; Rice 7 - Oregon 1
BOTTOM OF THE 6TH
Oregon Ducks batting - Pitching for Rice Owls : LHP Gavin Coppinger
Batting: RHB Leon Banks 0-0: Called Strike
0-1: Ground out 5-3 (Groundball, 56S, EV 70.6 MPH)
Pitching: RHP Bob Howard
Batting: RHB Dave Richardson 0-0: Foul Ball, location: 2F
0-1: Ground out 4-3 (Groundball, 4M, EV 106.9 MPH)
Batting: SHB P.J. Morlock 0-0: Foul Ball, location: 2F
0-1: SINGLE (Groundball, 4MD, EV 95.6 MPH)
Batting: RHB Devin Boyet 0-0: Ball
1-0: DOUBLE (Line Drive, 7LM, EV 96.9 MPH)
P.J. Morlock to third
Runner from 3rd tries for Home, SAFE, no throw by LF
Batting: RHB Timmy Jerabek 0-0: Ball
1-0: Swinging Strike
1-1: Foul Ball, location: 2F
1-2: Ball
2-2: Fly out, F8 (Line Drive, 8RM, EV 96.2 MPH)
Bottom of the 6th over - 1 run, 2 hits, 0 errors, 1 left on base; Rice 7 - Oregon 2
TOP OF THE 7TH
Rice Owls batting - Pitching for Oregon Ducks : LHP Keyon Shao
Batting: SHB Dave Powell 0-0: Ball
1-0: Swinging Strike
1-1: Foul Ball, location: 2F
1-2: Foul Ball, location: 2F
1-2: Fly out, F9 (Line Drive, 9LS, EV 111.9 MPH)
Batting: RHB Isaiah Cody 0-0: Foul Ball, location: 2F
0-1: Swinging Strike
0-2: Strikes out swinging
Batting: RHB Lance Hinson 0-0: Called Strike
0-1: Foul Ball, location: 2F
0-2: Strikes out looking
Top of the 7th over - 0 runs, 0 hits, 0 errors, 0 left on base; Rice 7 - Oregon 2
BOTTOM OF THE 7TH
Oregon Ducks batting - Pitching for Rice Owls : RHP Bob Howard
Batting: RHB Kevin Williamson 0-0: Ball
1-0: Called Strike
1-1: Swinging Strike
1-2: Ball
2-2: Foul Ball, location: 2F
2-2: DOUBLE (Line Drive, 78XD, EV 106.9 MPH)
Batting: RHB Kearney Gallegos 0-0: Ball
1-0: Ball
2-0: Ball
3-0: Called Strike
3-1: 2-RUN HOME RUN (Flyball, 8LXD, EV 108.8 MPH), Distance : 438 ft
Pitching: LHP Lance Rogers
Batting: RHB Blake Bateman 0-0: Foul Ball, location: 2F
0-1: Called Strike
0-2: Ball
1-2: Ground out 4-3 (Groundball, 4, EV 83.1 MPH)
Batting: RHB Mitch Kilpatrick 0-0: Called Strike
0-1: Swinging Strike
0-2: Ground out 5-3 (Groundball, 56, EV 94.4 MPH)
Batting: RHB Leon Banks 0-0: Swinging Strike
0-1: Ball
1-1: SINGLE (Groundball, 3D, EV 102.5 MPH)
Batting: RHB Dave Richardson 0-0: SINGLE (Line Drive, 89S, EV 108.8 MPH)
Leon Banks to second
Batting: SHB P.J. Morlock 0-0: Called Strike
0-1: Foul Ball, location: 2F
0-2: Ground out 4-3 (Groundball, 4, EV 82.5 MPH)
Bottom of the 7th over - 2 runs, 4 hits, 0 errors, 2 left on base; Rice 7 - Oregon 4
TOP OF THE 8TH
Rice Owls batting - Pitching for Oregon Ducks : LHP Keyon Shao
Batting: RHB Jesse Mitchell 0-0: Swinging Strike
0-1: Fly out, F8 (Flyball, 78M, EV 90.0 MPH)
Batting: RHB Tanner Curley 0-0: Fly out, F9 (Flyball, 9D, EV 102.5 MPH)
Batting: LHB Keierre Volter 0-0: Ball
1-0: Ball
2-0: Called Strike
2-1: Ball
3-1: SOLO HOME RUN (Flyball, 9D, EV 97.5 MPH), Distance : 398 ft
Batting: LHB Isaac Rampone 0-0: Called Strike
0-1: Foul Ball, location: 2F
0-2: Strikes out swinging
Top of the 8th over - 1 run, 1 hit, 0 errors, 0 left on base; Rice 8 - Oregon 4
BOTTOM OF THE 8TH
Oregon Ducks batting - Pitching for Rice Owls : LHP Lance Rogers
Batting: RHB Devin Boyet 0-0: Ground out U3 (Groundball, 3, EV 85.0 MPH)
Batting: RHB Timmy Jerabek 0-0: Ground out 4-3 (Groundball, 4, EV 110.6 MPH)
Batting: RHB Kevin Williamson 0-0: Called Strike
0-1: Ball
1-1: Foul Ball, location: 2F
1-2: Strikes out looking
Bottom of the 8th over - 0 runs, 0 hits, 0 errors, 0 left on base; Rice 8 - Oregon 4
TOP OF THE 9TH
Rice Owls batting - Pitching for Oregon Ducks : LHP Keyon Shao
Pitching: LHP Julian Leone
Batting: LHB Phil Sauser 0-0: Foul Ball, location: 2F
0-1: SINGLE (Groundball, 6M, EV 106.9 MPH)
Batting: RHB Caden Kent 0-0: Called Strike
0-1: Ball
1-1: Ball
2-1: Ball
3-1: SINGLE (Line Drive, 56D, EV 95.0 MPH)
Phil Sauser to second
Batting: SHB Dave Powell 0-0: Ball
1-0: Ball
2-0: Called Strike
2-1: Swinging Strike
2-2: Ball
3-2: Strikes out looking
Batting: RHB Isaiah Cody 0-0: Ball
1-0: Ball
2-0: Foul Ball, location: 2F
2-1: Fly out, F6 (Line Drive, 6, EV 65.0 MPH)
Lined into DP, 6-4 (Line Drive, 6, EV 71.9 MPH)
Top of the 9th over - 0 runs, 2 hits, 0 errors, 1 left on base; Rice 8 - Oregon 4
BOTTOM OF THE 9TH
Oregon Ducks batting - Pitching for Rice Owls : LHP Lance Rogers
Batting: RHB Kearney Gallegos 0-0: Ball
1-0: Foul Ball, location: 2F
1-1: Fly out, F8 (Flyball, 8RD, EV 81.9 MPH)
Batting: RHB Blake Bateman 0-0: Foul Ball, location: 2F
0-1: Ball
1-1: Called Strike
1-2: Ground out 6-3 (Groundball, 6S, EV 68.1 MPH)
Batting: RHB Mitch Kilpatrick 0-0: Foul Ball, location: 2F
0-1: Ball
1-1: Ball
2-1: Foul Ball, location: 2F
2-2: Foul Ball, location: 2F
2-2: SOLO HOME RUN (Flyball, 7LD, EV 91.9 MPH), Distance : 354 ft
Batting: RHB Leon Banks 0-0: Called Strike
0-1: Called Strike
0-2: Strikes out swinging
Bottom of the 9th over - 1 run, 1 hit, 0 errors, 0 left on base; Rice 8 - Oregon 5
Tuesday, April 16th , 2024 - OOTP Baseball 23.10 Build 110